 Dungeon Crawl Stone Soup version bcrawl-1.19.2-6-g6a88ae04c9 (webtiles) character file.

Game seed: 9480061455770113696

875 Jerej03 the Zephyrmancer (level 7, 0/51 HPs)
             Began as a Djinni Air Elementalist on Jan 11, 2020.
             Was an Initiate of Sif Muna.
             Slain by Dowan
             ... wielding a +3 dagger of freezing
              (2 damage)
             ... on level 5 of the Dungeon.
             The game lasted 00:21:53 (4461 turns).

Jerej03 the Zephyrmancer (Djinni Air Elementalist)  Turns: 4461, Time: 00:21:53

Health: 0/51       AC: 12    Str: 10    XL:     7   Next: 74%
Magic:  7/17       EV: 19    Int: 25    God:    Sif Muna [......]
Gold:   177        SH:  0    Dex: 11    Spells: 15/20 levels left

rFire    x . .     SeeInvis .   (weapon currently unavailable)
rCold    + . .     Gourm    .   (shield currently unavailable)
rNeg     + + +     Faith    .   (armour currently unavailable)
rPois    +         Spirit   .   (helmet currently unavailable)
rElec    .         Reflect  .   (cloak currently unavailable)
rCorr    .         Harm     .   (gloves currently unavailable)
MR       .....     Rnd*Rage +   (boots unavailable)
Stlth    ++........             (no amulet)
HPRegen  0.17/turn              e - ring of ice
MPRegen  0.15/turn              (no ring)

@: brilliant, fungus-form, flying
A: tiny, never pass out, berserk 2, blink, blurry vision 2, wild magic 2,
MP-powered wands
a: Blink, Divine Energy, Renounce Religion


You were on level 5 of the Dungeon.
You worshipped Sif Muna.
Sif Muna was noncommittal.
You were very hungry.
You were a sentient fungus.
You visited 1 branch of the dungeon, and saw 5 of its levels.

You collected 177 gold pieces.

Inventory:

Hand Weapons
 h - a +3 mace of venom (melded)
Armour
 a - a +0 robe (melded)
 f - a +0 cloak (melded)
Jewellery
 e - a ring of ice (left hypha)
Wands
 j - a wand of iceblast (9)
 m - a wand of polymorph (6)
 o - a wand of enslavement (6)
Scrolls
 b - a scroll of magic mapping
 k - 4 scrolls of teleportation
 n - a scroll of immolation
Potions
 c - 3 potions of flight
 g - a potion of ambrosia
 i - a potion of lignification
Comestibles
 d - 2 rations {!d}


   Skills:
 + Level 0.9 Fighting
   Level 0.1 Short Blades
 + Level 1.3 Maces & Flails
 + Level 2.4 Dodging
 + Level 2.3 Stealth
 + Level 0.3 Unarmed Combat
 + Level 7.0 Spellcasting
 + Level 2.7 Conjurations
 * Level 8.0 Air Magic


You had 15 spell levels left.
You knew the following spells:

 Your Spells              Type           Power        Failure   Level  Hunger
a - Shock                 Conj/Air       #####        1%          1    None
b - Airstrike             Air            #######...   1%          4    ###....

Your spell library contained the following spells:

 Spells                   Type           Power        Failure   Level  Hunger
 Beastly Appendage        Tmut           #####.       1%          1    None
 Swiftness                Chrm/Air       ######..     1%          2    None
 Static Discharge         Air            #######.     1%          3    None
 Lightning Bolt           Conj/Air       ######....   4%          5    #####..


Dungeon Overview and Level Annotations

Branches:
Dungeon (5/12)
 Temple: D:4-7

Altars:
Cheibriados
Sif Muna

Shops:
D:4 :   D:5 (

Annotations:
D:5 Dowan


Innate Abilities, Weirdness & Mutations

You never pass out after going berserk.
You often lose your temper in combat.
You can translocate small distances at will.
Scrolls take you longer to read.
Your spells are harder to cast, but more powerful.
You expend magic power (3 MP) to strengthen your wands.
((Your body floats in the air.))


Message History

The quokka zombie barely misses you. Dowan hits you but does no damage.
The shadow imp barely misses you. Dowan completely misses you.
The bullfrog zombie closely misses you. The orc closely misses you.
The quokka zombie completely misses you.
Dowan misses you.
The bullfrog zombie completely misses you.
The shadow imp hits you but does no damage.
Dowan points at you and mumbles some strange words.
The stone arrow misses you.
The stone arrow hits the orc.
The orc dies!
The quokka zombie completely misses you.
The bullfrog zombie closely misses you. The shadow imp completely misses you.
Dowan barely misses you. The quokka zombie closely misses you.
The bullfrog zombie hits you but does no damage.
Dowan misses you.
The crimson imp blinks!
The shadow imp barely misses you. The bullfrog zombie misses you.
The quokka zombie bites you.
* * * LOW HITPOINT WARNING * * *
Dowan hits you with a +3 dagger of freezing.
You die...

##....$ ##...# ..
#.<...# #...)##...
##.....## #(...#...
##....#..#####........
#..#..#....##.)...####
#..#5...#..†......#
#....#.##.#.....#####
#..).....##..........
####..Zf....#...........
#.....5Ze.(.##..........
#.###..###..##....#.....
#.# #...#####...###.....
.oZ......# #...####[....
.#5#.####.# #..# #>.....
#.#.### ...... ##....##
. .Z. .... #......# #.
#.# .# ####......


You could see Dowan, a crimson imp, a shadow imp, a quokka zombie and a bullfrog
zombie.

Vanquished Creatures
  Grinder (D:4)
  Menkaure (D:4)
  Duvessa (D:5)
  A sky beast (D:4)
  An ogre (D:4)
  4 orc wizards
  An orc priest (D:3)
  2 adders
  A shadow imp (D:5)
  An ooze (D:4)
  2 worms
  2 dart slugs
  A leopard gecko (D:1)
  8 orcs
  6 bats
  4 giant cockroaches
  4 goblins
  10 hobgoblins
  4 jackals
  6 kobolds
  3 quokkas
  3 frilled lizards
  4 rats
71 creatures vanquished.

Vanquished Creatures (others)
  An ogre (D:5)
  An orc (D:5)
2 creatures vanquished.

Grand Total: 73 creatures vanquished

Notes
Turn   | Place    | Note
-------+----------+-------------------------------------------
     0 | D:1      | Jerej03 the Djinni Air Elementalist began the quest for the
                  | Orb.
     0 | D:1      | Reached XP level 1. HP: 14/14 MP: 4/4
   161 | D:1      | Reached XP level 2. HP: 3/20 MP: 1/6
   655 | D:1      | Reached skill level 4 in Air Magic
  1329 | D:2      | Reached XP level 3. HP: 26/26 MP: 5/8
  2065 | D:3      | Gained mutation: Your spells are harder to cast, but more
                  | powerful. [Djinni growth]
  2065 | D:3      | Gained mutation: You can translocate small distances at
                  | will. [Djinni growth]
  2065 | D:3      | Reached XP level 4. HP: 15/33 MP: 0/10
  2322 | D:3      | Learned a level 4 spell: Airstrike
  2383 | D:3      | Found a snail-covered altar of Cheibriados.
  2566 | D:3      | Reached skill level 5 in Air Magic
  2925 | D:4      | Noticed a sky beast
  2929 | D:4      | Found Urodaa's Book Shop.
  2942 | D:4      | Killed a sky beast
  2942 | D:4      | Reached XP level 5. HP: 6/38 MP: 1/12
  3241 | D:4      | Noticed an ogre
  3249 | D:4      | Killed an ogre
  3249 | D:4      | Reached skill level 5 in Spellcasting
  3249 | D:4      | Reached skill level 6 in Air Magic
  3249 | D:4      | Reached XP level 6. HP: 45/45 MP: 0/13
  3382 | D:4      | Noticed Grinder
  3398 | D:4      | Killed Grinder
  3755 | D:4      | Noticed Menkaure
  3757 | D:4      | Killed Menkaure
  3757 | D:4      | Reached skill level 1 in Maces & Flails
  3757 | D:4      | Reached skill level 7 in Air Magic
  3757 | D:4      | Reached XP level 7. HP: 51/51 MP: 6/16
  3939 | D:4      | Found a shimmering blue altar of Sif Muna.
  3946 | D:4      | Became a worshipper of Sif Muna the Loreminder
  3956 | D:4      | Identified Sif Muna's Guide on Transmutation
  4126 | D:5      | Entered Level 5 of the Dungeon
  4232 | D:5      | Found Ethrorhaa's Antique Weapon Shop.
  4366 | D:5      | Noticed Dowan
  4367 | D:5      | Noticed Duvessa
  4417 | D:5      | Killed Duvessa
  4452 | D:5      | Reached skill level 8 in Air Magic
  4461 | D:5      | HP: 2/51 [quokka zombie (2)]
  4461 | D:5      | Slain by Dowan

Skill      XL: |  1  2  3  4  5  6  7 |
---------------+----------------------+-----
Air Magic      | 4 5 6 7 8 |  8.0
Spellcasting   | 4 5 6 7 |  7.0
Stealth        | 2 |  2.3
Conjurations   | 2 |  2.7
Maces & Flails | 1 |  1.3
Fighting       | |  0.9
Short Blades   | |  0.1
Dodging        | |  2.4
Unarmed Combat | |  0.3

Action                   |  1- 3 |  4- 6 |  7- 9 || total
-------------------------+-------+-------+-------++-------
Melee: Unarmed           |    17 |       |    12 ||    29
       Short sword       |    12 |       |    13 ||    25
       Mace              |     7 |    20 |     9 ||    36
 Cast: Shock             |    77 |    27 |       ||   104
       Airstrike         |       |    10 |    13 ||    23
Invok: Divine Energy     |       |       |     2 ||     2
       Stop Divine Energ |       |       |     2 ||     2
 Abil: Blink             |       |       |     3 ||     3
  Use: Scroll            |     3 |     3 |     1 ||     7
       Potion            |     6 |     2 |     1 ||     9
 Stab: Sleeping          |     1 |       |       ||     1
  Eat: Chunk             |     3 |     4 |     3 ||    10
       Ration            |       |     1 |       ||     1
Armor: Robe              |    10 |     5 |     3 ||    18
       Skin              |     6 |       |     8 ||    14
Dodge: Dodged            |    21 |    10 |    77 ||   108
